 Dungeon Crawl Stone Soup version 0.30.1-4-g462c640d31 (webtiles) character file.

Game seed: 5832331634547409309

452963 safid the Cryomancer (level 24, -15/204 HPs)
             Began as a Merfolk Ice Elementalist on Aug 10, 2023.
             Was the Champion of Vehumet.
             Demolished by a death scarab (26 damage)
             ... summoned by a royal mummy
             ... on level 2 of the Depths on Aug 11, 2023.
             The game lasted 03:04:41 (68566 turns).

safid the Cryomancer (Merfolk Ice Elementalist)    Turns: 68566, Time: 03:04:42

Health: -15/204    AC: 13    Str:  5    XL:     24   Next: 1%
Magic:  0/44       EV: 24    Int: 30    God:    Vehumet [******]
Gold:   2283       SH:  2    Dex: 16    Spells: 8/47 levels left

rFire   + . .        A - +9 demon trident (vamp)
rCold   + . .        k - crystal ball of Wucad Mu {*channel}
rNeg    + + +        t - +2 robe {Archmagi}
rPois   +            Z - -2 hat of the Alchemist {rElec rPois rF+ rC+ rN+ Will+ rMut rCorr}
rElec   +            r - +4 cloak of Xios {rN++}
rCorr   +            g - +0 pair of gloves of Darkness {Int+2 SInv}
SInv    +            h - +2 pair of boots
Will    ++...        U - amulet "Luvvuqas" {Spirit Str-5 Int+3 Stlth+}
Stlth   ++++         J - ring "Vuenoinn" {rPois rN+ MP+9 Int+3 Stlth+}
HPRegen 0.54/turn    z - ring of the Octopus King {rN+ HP+2 AC+2 EV+2 SH+2}
MPRegen 0.29/turn

%: resist mutation, guardian spirit, archmagi, channel magic (40%)
@: on vortex cooldown, slightly contaminated, slowed, studying Axes, very slow
A: (nimble swimmer 2), mertail, antennae 2, low MP 1
}: 3/15 runes: barnacled, slimy, gossamer
a: Renounce Religion


You were on level 2 of the Depths.
You worshipped Vehumet.
Vehumet was exalted by your worship.
You visited 10 branches of the dungeon, and saw 44 of its levels.
You visited 1 bazaar.
You also visited: Ossuary, Gauntlet, Ice Cave and Desolation.

You collected 6424 gold pieces.
You spent 4141 gold pieces at shops.

Inventory:

Hand Weapons
 A - a +9 vampiric demon trident (weapon)
 K - the +7 trident of Olloemiu {protect, rC++}
   (You found it on level 7 of the Dungeon)

   rC:        It greatly protects you from cold.
Missiles
 n - a throwing net
 R - 6 curare-tipped darts
Armour
 g - the +0 pair of gloves of Darkness (worn) {Int+2 SInv}
   (You found it in a Gauntlet)

   Int:       It affects your intelligence (+2).
   SInv:      It lets you see invisible.
 h - a +2 pair of boots (worn)
 k - the crystal ball of Wucad Mu (worn) {*channel}
   (You found it on level 5 of the Lair of Beasts)

   *Channel:  It often returns the magic spent to cast spells, but lowers their
   success rate.
   It always returns the magic spent on miscasts.
 r - the +4 cloak of Xios (worn) {rN++}
   (You found it on level 13 of the Dungeon)

   rN:        It greatly protects you from negative energy.
 t - a +2 robe of the Archmagi (worn)
 N - the sphere of Battle
   (You found it on level 9 of the Dungeon)

   It enhances your destructive magic.
   It weakens your non-destructive magic.
   It summons a battlesphere in combat, with strength depending on Conjurations
   skill.
 Z - the -2 hat of the Alchemist (worn) {rElec rPois rF+ rC+ rN+ Will+ rMut rCorr}
   (You found it in the Desolation of Salt)

   rF:        It protects you from fire.
   rC:        It protects you from cold.
   rElec:     It insulates you from electricity.
   rPois:     It protects you from poison.
   rN:        It protects you from negative energy.
   rCorr:     It protects you from acid and corrosion.
   rMut:      It protects you from mutation.
   Will:      It increases your willpower.
Jewellery
 z - a ring of the Octopus King (right hand) {rN+ HP+2 AC+2 EV+2 SH+2}
   (You took it off a merfolk on level 4 of the Shoals)

   [ring of positive energy]

   AC:        It affects your AC (+2).
   EV:        It affects your evasion (+2).
   rN:        It protects you from negative energy.
   HP:        It affects your health (+2).
   SH:        It affects your SH (+2).
 J - the ring "Vuenoinn" (left hand) {rPois rN+ MP+9 Int+3 Stlth+}
   (You took it off a minotaur in a Gauntlet)

   [ring of magical power]

   Int:       It affects your intelligence (+3).
   rPois:     It protects you from poison.
   rN:        It protects you from negative energy.
   MP:        It affects your magic capacity (+9).
   Stlth:     It makes you more stealthy.
 U - the amulet "Luvvuqas" (around neck) {Spirit Str-5 Int+3 Stlth+}
   (You found it on level 4 of the Spider Nest)

   [amulet of guardian spirit]

   It causes incoming damage to be divided between your reserves of health and
   magic.
   Str:       It affects your strength (-5).
   Int:       It affects your intelligence (+3).
   Stlth:     It makes you more stealthy.
Wands
 d - a wand of acid (13)
 q - a wand of flame (13)
 s - a wand of mindburst (25)
 y - a wand of iceblast (25)
 G - a wand of digging (22)
 L - a wand of polymorph (3)
 O - a wand of paralysis (19)
Scrolls
 a - a scroll of blinking
 m - 8 scrolls of fog
 v - 9 scrolls of teleportation
 w - 10 scrolls of fear
 H - 7 scrolls of magic mapping
 P - 2 scrolls of silence
Potions
 c - 25 potions of curing
 f - 8 potions of might
 i - 5 potions of lignification
 j - 15 potions of brilliance
 o - 8 potions of mutation
 p - 14 potions of ambrosia
 u - 5 potions of flight
 x - 7 potions of cancellation
 B - 5 potions of invisibility
 D - 2 potions of berserk rage
 I - 5 potions of resistance
 Q - 8 potions of haste
 S - 5 potions of heal wounds
 X - a potion of magic
Miscellaneous
 b - a phial of floods
 V - a phantom mirror
 W - a condenser vane


   Skills:
 + Level 19.5 Fighting
 - Level 14.0 Polearms
 - Level 18.0 Dodging
 - Level 2.1 Stealth
 * Level 11.3 Unarmed Combat
 - Level 12.0 Spellcasting
 - Level 8.0 Conjurations
 - Level 4.0 Translocations
 - Level 18.0 Transmutations
 + Level 25.0 Ice Magic
 - Level 2.0 Air Magic
 - Level 14.0 Evocations


You had 8 spell levels left.
You knew the following spells:

 Your Spells              Type           Power      Damage    Failure   Level
a - Irradiate             Conj/Tmut      48%        3d27      1%          5
b - Frozen Ramparts       Ice            100%       1d16      1%          3
c - Ozocubu's Armour      Ice            100%       N/A       1%          3
d - Polar Vortex          Ice            64%        N/A       7%          9
e - Ozocubu's Refrigerat  Ice            64%        4d21      1%          7
f - Dragon Form           Tmut           56%        N/A       7%          7
g - Hailstorm             Conj/Ice       100%       3d20      1%          3
h - Blink                 Tloc           100%       N/A       4%          2

Your spell library contained the following spells:

 Spells                   Type           Power      Damage    Failure   Level
 Ignition                 Fire           13%        3d6       100%        8
 Shatter                  Erth           13%        3d14*     100%        9
 Foxfire                  Conj/Fire      100%       2x1d9     1%          1
 Freeze                   Ice            100%       1d10      1%          1
 Shock                    Conj/Air       100%       1d9       1%          1
 Sting                    Tmut/Pois      100%       1d8       1%          1
 Ensorcelled Hibernation  Hex/Ice        100%       N/A       1%          2
 Momentum Strike          Conj/Tloc      100%       3d10      1%          2
 Passwall                 Tmut/Erth      68%        N/A       1%          2
 Dazzling Flash           Conj/Hex       100%       N/A       1%          3
 Ignite Poison            Fire/Tmut/Pois 69%        N/A       1%          3
 Stone Arrow              Conj/Erth      100%       3d13      1%          3
 Summon Ice Beast         Ice/Summ       96%        N/A       1%          4
 Blade Hands              Tmut           56%        N/A       1%          5
 Freezing Cloud           Conj/Ice/Air   46%        6-21      1%          5
 Sandblast                Erth           54%        2d13      2%          1
 Poisonous Vapours        Pois/Air       72%        N/A       2%          2
 Spider Form              Tmut/Pois      82%        N/A       2%          3
 Iskenderun's Mystic Bla  Conj/Tloc      69%        2d14      2%          4
 Apportation              Tloc           100%       N/A       3%          1
 Scorch                   Fire           54%        2d7       3%          2
 Volatile Blastmotes      Fire/Tloc      90%        2d17      3%          3
 Metabolic Englaciation   Hex/Ice        48%        N/A       3%          5
 Lesser Beckoning         Tloc           100%       N/A       4%          2
 Flame Wave               Conj/Fire      58%        2d14      4%          4
 Petrify                  Tmut/Erth      82%        N/A       4%          4
 Sticky Flame             Conj/Fire      58%        2d7       4%          4
 Inner Flame              Hex/Fire       27%        N/A       6%          3
 Gell's Gravitas          Tloc           58%        N/A       7%          3
 Teleport Other           Tloc           58%        N/A       7%          3
 Necrotise                Necr           100%       1d9       10%         1
 Slow                     Hex            100%       N/A       10%         1
 Summon Small Mammal      Summ           100%       N/A       10%         1
 Simulacrum               Ice/Necr       48%        N/A       10%         6
 Cigotuvi's Dreadful Rot  Necr/Pois/Air  64%        N/A       11%         2
 Portal Projectile        Hex/Tloc       90%        N/A       12%         3
 Sublimation of Blood     Necr           27%        N/A       13%         2
 Manifold Assault         Tloc           58%        N/A       16%         4
 Olgreb's Toxic Radiance  Pois           27%        N/A       16%         4
 Passage of Golubria      Tloc           58%        N/A       16%         4
 Call Canine Familiar     Summ           27%        N/A       22%         3
 Confusing Touch          Hex            27%        N/A       22%         3
 Summon Guardian Golem    Hex/Summ       27%        N/A       22%         3
 Tukima's Dance           Hex            27%        N/A       22%         3
 Vampiric Draining        Necr           27%        2d7       22%         3
 Statue Form              Tmut/Erth      54%        N/A       26%         6
 Lee's Rapid Deconstruct  Erth           13%        3d9*      32%         5
 Starburst                Conj/Fire      29%        6d9       34%         6
 Anguish                  Hex/Necr       13%        N/A       50%         4
 Animate Dead             Necr           27%        N/A       50%         4
 Cause Fear               Hex            13%        N/A       50%         4
 Dispel Undead            Necr           27%        3d13      50%         4
 Leda's Liquefaction      Hex/Erth       13%        N/A       50%         4
 Storm Form               Tmut/Air       43%        N/A       58%         7
 Silence                  Hex/Air        18%        N/A       67%         5
 Agony                    Necr           27%        N/A       80%         5
 Borgnjor's Vile Clutch   Necr/Erth      13%        N/A       80%         5
 Dispersal                Tloc           29%        N/A       82%         6
 Death Channel            Necr           13%        N/A       100%        6
 Summon Cactus Giant      Summ           13%        N/A       100%        6
 Enfeeble                 Hex            13%        N/A       100%        7
 Disjunction              Tloc           29%        N/A       100%        8
 Chain Lightning          Conj/Air       32%        3d42      100%        9
 Death's Door             Necr           13%        N/A       100%        9


Dungeon Overview and Level Annotations

Branches:
Dungeon (15/15)            Temple (1/1) D:5            Lair (5/5) D:9
 Shoals (4/4) Lair:2       Spider (4/4) Lair:2        Slime (5/5) Lair:5
    Orc (2/2) D:12            Elf (2/3) Orc:2        Vaults (4/5) D:14
  Crypt (0/3) Vaults:3     Depths (2/4) D:15        Ossuary (visited)
  IceCv (visited)         Desolation (visited)      Gauntlet (visited)

Altars:
Ashenzari
Cheibriados
Dithmenos
Elyvilon
Fedhas
Gozag
Hepliaklqana
Kikubaaqudgha
Makhleb
Nemelex Xobeh
Okawaru
Qazlal
Ru
Sif Muna
Trog
Uskayaw
Vehumet
Wu Jian
Xom
Yredelemnul
Zin
The Shining One
Jiyva

Shops:
D:4 (   D:7 !   Orc:1 *   Orc:2 [::!   Shoals:1 [   Shoals:2 [

Portals:
Hell: Depths:1
Abyss: Depths:1
Pandemonium: Depths:2

Annotations:
D:6 1 runed translucent door, Crazy Yiuf
Lair:2 exclusion: catoblepas
Lair:5 exclusions: obsidian statue and oklob plant
Shoals:3 jurchenman's ghost, adept MiFi
Shoals:4 Bai Suzhen
Depths:1 2 transporters, Canneaw's ghost, veteran GnDe


Innate Abilities, Weirdness & Mutations

((You are very nimble when in or above water. (Stealth+, EV+, Speed+++)))
Your lower body shifts to a powerful aquatic tail in water.
You have a pair of antennae on your head.
Your magical capacity is low. (-10% MP)


Message History

Unknown command.
Unknown command.
Unknown command.
Unknown command.
Unknown command.
Unknown command.
Unknown command.
Unknown command.
Unknown command.
Unknown command.
Unknown command.
Unknown command.
Unknown command.
Unknown command.
Unknown command.
Unknown command.
Unknown command.
Unknown command.
Unknown command.
Unknown command.
Unknown command.
Unknown command.
Unknown command.
Blink to where?
Press: ? - help, Dir - move target
As you read the scroll of blinking, it crumbles to dust.
The winds around you start to calm down.
You float gracefully downwards.
* * * LOW HITPOINT WARNING * * *
You feel extremely sick. The death scarab closely misses you.
The death scarab bites you!!
* * * LOW HITPOINT WARNING * * *
The death scarab drains your vigour!
You feel as though you will be slow longer.
The death scarab misses you.
The royal mummy calls on the powers of darkness!
The emperor scorpion convulses!
You feel a surge of unholy energy.
You feel better. The death scarab closely misses you. x2
The death scarab completely misses you. The death scarab bites you!!
You die...

....................#
####..)
................#####
###.
...###########.#########
#.
....##...M.§##..#...§§.#
#####
.....##.s##§s##...##§§##
##...#
......##.{##§§##.##§§##
#.....
(......##..##§§###§§##
##.##..
........##..##§B#§§##
#.####.
.........##..##B@§##
######.
..........##.M##B##
##....
...........##..###
##..... ............##)#
##..#...
.........##..###
##..##...
........####...##
##..###... ........#
###..#### ##.### #...
..##....# ###.#.# ##.##
##... #....# #...###.##
##....


You could see a royal mummy, an emperor scorpion (summoned) and 3 death scarabs.

Vanquished Creatures
  the Royal Jelly (Slime:5)
  Mara (Shoals:3)
  2 royal mummies (Depths:2)
  Xtahua (Vaults:4)
  Saint Roka (Depths:2)
  Nikola (Depths:1)
  Arachne (Spider:2)
  Asterion (Depths:1)
  20 acid blobs
  Gastronok (Lair:1)
  A kraken (Shoals:3)
  2 sphinxes
  Ilsuiw (Shoals:3)
  9 azure jellies
  7 rockslimes (Slime:5)
  7 vault wardens
  A frost giant (Shoals:4)
  A deep elf sorcerer (Elf:2)
  2 emperor scorpions
  7 ghost moths
  Louise (Shoals:1)
  2 imperial myrmidons (Desolation)
  Aizul (Vaults:1)
  2 orc warlords
  18 ironbound preservers
  10 quicksilver oozes
  5 war gargoyles
  A deep elf elementalist (Elf:1)
  2 broodmothers
  8 very ugly things (Depths:1)
  2 vampire knights
  5 ironbound thunderhulks
  A deep elf demonologist (Elf:2)
  Nessos (Lair:4)
  Azrael (D:12)
  A minotaur (Gauntlet)
  2 stone giants
  9 spark wasps
  A halazid warlock (Desolation)
  2 deep elf annihilators
  7 dire elephants
  2 deep elf death magi (Elf:1)
  A crystal guardian (Desolation)
  A blizzard demon (Depths:2)
  6 ettins
  5 merfolk impalers
  2 mummy priests (Depths:2)
  5 fire dragons
  10 merfolk javelineers
  8 entropy weavers
  5 yaktaur captains
  11 great orbs of eyes
  A rakshasa (Depths:1)
  2 entropy weavers (shapeshifter)
  5 ogre magi
  16 ragged hierophants (Desolation)
  10 servants of whispers (Desolation)
  12 peacekeepers
  4 vault guards
  5 hydras
  3 ice dragons (Depths:1)
  3 caustic shrike simulacra (IceCv)
  9 centaur warriors
  5 ironbound frosthearts
  2 jorogumos
  7 merfolk avatars
  4 radroaches
  An alligator snapping turtle (Shoals:4)
  3 merfolk aquamancers
  6 boulder beetles
  16 two-headed ogres
  3 satyrs
  14 dancing weapons
  A death knight (D:15)
  A deep troll shaman (Depths:2)
  5 death yaks (Lair:2)
  9 spriggan berserkers
  2 tengu warriors
  Nergalle (Orc:1)
  5 orc high priests
  5 deep elf knights
  A hell knight (D:15)
  2 skysharks
  A skeletal warrior (D:14)
  5 pharaoh ants
  An iron troll (Depths:2)
  A flayed ghost (Vaults:3)
  21 sea snakes
  2 sun moths
  46 deep trolls
  2 obsidian statues (IceCv)
  A spectral anaconda (Lair:5)
  13 steelbarb worms
  3 glowing orange brains
  6 wizards
  A bog body (IceCv)
  2 orb spiders
  13 deep elf archers
  19 ironbound convokers
  A harpy (shapeshifter) (Elf:1)
  A phantasmal warrior (Vaults:3)
  14 orc knights
  17 deep elf zephyrmancers
  18 deep elf pyromancers
  A tengu skeleton (Vaults:3)
  6 necromancers
  2 orc sorcerers (Orc:1)
  7 lindwurms
  19 wolf spiders
  16 harpies
  5 shining eyes
  7 cyclopes
  2 large abominations (Elf:1)
  8 manticores
  12 fauns
  A stone giant zombie (Vaults:3)
  28 ugly things
  4 guardian serpents (Desolation)
  6 merfolk sirens
  3 black mambas
  6 moths of wrath
  19 elephants
  An ice statue (D:15)
  14 demonic crawlers
  9 torpor snails
  6 water nymphs
  14 vault sentinels
  Joseph (D:8)
  7 cane toads
  A molten gargoyle (Desolation)
  3 eyes of devastation
  2 gargoyles (D:10)
  A cane toad (shapeshifter) (D:13)
  3 centaur skeletons (D:14)
  2 kobold demonologists (D:10)
  2 rime drakes
  An unseen horror (D:7)
  2 dire elephant skeletons (Lair:5)
  7 komodo dragons
  24 yaktaurs
  4 tengu conjurers
  An efreet (D:15)
  A red devil (Depths:2)
  2 ice devils
  8 trolls
  4 freezing wraiths (IceCv)
  4 golden dragon simulacra (IceCv)
  8 meliai
  A queen bee (D:11)
  35 merfolk
  A tyrant leech (Gauntlet)
  2 hornets
  4 polar bears (Lair:5)
  3 wind drakes
  Grinder (D:4)
  A spectral elephant (Lair:5)
  33 tarantellas
  A raiju (Gauntlet)
  A shadow dragon simulacrum (Vaults:3)
  25 snapping turtles
  18 blink frogs
  97 saltlings (Desolation)
  Sigmund (D:3)
  9 dream sheep
  A centaur simulacrum (D:14)
  34 culicivoras
  4 shadows
  22 jumping spiders
  4 air elementals
  12 water elementals
  80 slime creatures
  6 fire elementals
  A ynoxinul (Depths:2)
  2 wraiths
  39 yaks
  8 wyverns
  A human (shapeshifter) (Elf:2)
  4 vampires
  4 golden eyes (Slime:4)
  7 basilisks
  3 steam dragons
  3 death yak simulacra (Lair:5)
  10 vampire mosquitoes
  54 redbacks
  6 wargs
  3 swamp worms (Gauntlet)
  4 hell hounds (D:12)
  An acid dragon (D:9)
  4 spectral cane toads (Lair:5)
  24 water moccasins
  2 hydra simulacra (IceCv)
  27 orc warriors
  Pargi (D:4)
  An ice beast (D:6)
  A sky beast (D:7)
  4 black bears
  3 elephant zombies (Lair:5)
  An ettin simulacrum (IceCv)
  27 wolves
  29 ogres
  A boggart (Vaults:4)
  24 centaurs
  An elephant skeleton (Lair:5)
  2 kobold brigands (D:10)
  A phantom (D:7)
  3 elf zombies (Elf:1)
  A human skeleton (Vaults:3)
  10 bullfrogs
  4 gnoll sergeants
  16 scorpions
  2 deep troll simulacra (IceCv)
  2 cane toad simulacra (Lair:5)
  8 wights
  An elephant simulacrum (Lair:5)
  36 killer bees
  2 electric eels
  7 howler monkeys
  3 centaur zombies (Ossuary)
  8 jellies
  17 orc priests
  11 hounds
  2 human zombies
  A sleepcap (D:5)
  5 iguanas
  Terence (D:2)
  11 orc wizards
  Natasha (twice) (D:3)
  5 scorpion zombies (Ossuary)
  A boggart skeleton (D:14)
  4 mummies
  Robin (D:3)
  18 gnolls
  27 adders
  3 shadow imps
  2 white imps (D:5)
  3 worms
  2 dart slugs
  52 orcs
  4 bats
  4 endoplasms
  7 giant cockroaches
  A gnoll zombie (Ossuary)
  12 goblins
  9 hobgoblins
  A jackal (D:4)
  10 kobolds
  4 quokkas
  7 ball pythons
  3 frilled lizards
  2 goblin zombies (Ossuary)
  3 hobgoblin zombies (Ossuary)
  2 kobold zombies
  An orc zombie (D:4)
  5 rats
  A spectral weapon (Depths:1)
  3 tentacles (Shoals:3)
1890 creatures vanquished.

Vanquished Creatures (others)
  A merfolk aquamancer (Shoals:4)
  A merfolk (Shoals:4)
  4 tentacles (Shoals:3)
6 creatures vanquished.

Grand Total: 1896 creatures vanquished

Notes
Turn   | Place    | Note
-------+----------+-------------------------------------------
     0 | D:1      | safid the Merfolk Ice Elementalist began the quest for the
                  | Orb.
     0 | D:1      | Reached XP level 1. HP: 13/13 MP: 3/3
   463 | D:1      | Reached XP level 2. HP: 20/20 MP: 1/5
   608 | D:1      | Reached skill level 1 in Fighting
  1298 | D:2      | Reached XP level 3. HP: 24/26 MP: 6/6
  1304 | D:2      | Learned a level 3 spell: Frozen Ramparts
  1669 | D:2      | Noticed Terence
  1676 | D:2      | Killed Terence
  1677 | D:2      | Reached skill level 5 in Ice Magic
  1677 | D:2      | Reached XP level 4. HP: 26/33 MP: 2/8
  1739 | D:2      | Learned a level 3 spell: Ozocubu's Armour
  2144 | D:2      | Found a shimmering blue altar of Sif Muna.
  2511 | D:3      | Found a white marble altar of Elyvilon.
  2666 | D:3      | Found a faded altar of an unknown god.
  2733 | D:3      | Found a glowing golden altar of the Shining One.
  2921 | D:3      | Noticed Robin
  2930 | D:3      | Noticed Natasha
  2938 | D:3      | Killed Natasha
  2939 | D:3      | Reached XP level 5. HP: 26/39 MP: 3/9
  2954 | D:3      | Killed Robin
  3359 | D:3      | Noticed Sigmund
  3377 | D:3      | Killed Sigmund
  3378 | D:3      | Reached skill level 6 in Ice Magic
  3378 | D:3      | Reached XP level 6. HP: 37/48 MP: 0/11
  3425 | D:3      | Noticed Natasha
  3432 | D:3      | Killed Natasha
  3639 | D:4      | Found Nafrull's Weapon Shop.
  3677 | D:4      | Noticed Grinder
  3688 | D:4      | Paralysed by Grinder for 5 turns
  3700 | D:4      | Paralysed by Grinder for 3 turns
  3711 | D:4      | Paralysed by Grinder for 3 turns
  3730 | D:4      | Paralysed by Grinder for 2 turns
  3747 | D:4      | Paralysed by Grinder for 2 turns
  3749 | D:4      | Killed Grinder
  3750 | D:4      | Reached XP level 7. HP: 19/55 MP: 4/13
  3798 | D:4      | HP: 1/55 [black bear (6)]
  3804 | D:4      | Reached skill level 5 in Fighting
  3804 | D:4      | Reached skill level 7 in Ice Magic
  3890 | D:4      | Noticed Pargi
  3897 | D:4      | Killed Pargi
  3898 | D:4      | Reached skill level 5 in Spellcasting
  3898 | D:4      | Reached XP level 8. HP: 12/63 MP: 1/15
  3919 | D:4      | Found a sand-covered staircase.
  3937 | Ossuary  | Entered an ossuary
  4598 | Ossuary  | Reached skill level 8 in Ice Magic
  4788 | Ossuary  | Reached XP level 9. HP: 71/71 MP: 11/18
  5097 | D:4      | Found a blossoming altar of Fedhas.
  5389 | D:4      | Found a sparkling altar of Nemelex Xobeh.
  5621 | D:5      | Entered Level 5 of the Dungeon
  5623 | D:5      | Found a staircase to the Ecumenical Temple.
  5639 | Temple   | Entered the Ecumenical Temple
  6202 | D:5      | Reached skill level 9 in Ice Magic
  6564 | D:5      | Found a snail-covered altar of Cheibriados.
  6957 | D:6      | Identified the +10 plate armour of Jocular Beauty {Contam
                  | rElec Will++ Str+2}
  7736 | D:6      | Found a runed translucent door.
  7737 | D:6      | Noticed Crazy Yiuf
  7872 | D:7      | Found Ahamnueps's Distillery.
  7886 | D:7      | Reached XP level 10. HP: 67/82 MP: 19/21
  7952 | D:7      | Bought a potion of might for 60 gold pieces
  7952 | D:7      | Bought a potion of heal wounds for 75 gold pieces
  8121 | D:7      | Reached skill level 10 in Ice Magic
  8575 | D:7      | Identified the +7 trident of Olloemiu {protect, rC++}
  8587 | D:7      | Killed an unseen horror
  8588 | D:7      | Reached skill level 1 in Polearms
  8947 | D:7      | Found a bloodstained altar of Trog.
  9120 | D:8      | Noticed Joseph
  9147 | D:8      | Killed Joseph
  9365 | D:8      | Found a broken altar of Ashenzari.
  9428 | D:8      | Found an iron altar of Okawaru.
  9505 | D:8      | Found a stormy altar of Qazlal.
  9793 | D:8      | Found a burning altar of Makhleb.
  9809 | D:8      | Identified the +8 flail "Goblin's Undoing" {flame, rCorr
                  | Int-4 Dex+8 Stlth-}
 10018 | D:8      | Found a radiant altar of Vehumet.
 10116 | D:8      | Became a worshipper of Vehumet
 10153 | D:9      | Reached skill level 5 in Polearms
 10171 | D:9      | Reached XP level 11. HP: 23/90 MP: 15/23
 10174 | D:9      | Reached skill level 10 in Fighting
 10174 | D:9      | Reached skill level 11 in Ice Magic
 10428 | D:9      | Found a staircase to the Lair.
 10477 | D:9      | Reached * piety under Vehumet
 10477 | D:9      | Offered knowledge of Kiss of Death by Vehumet.
 10713 | D:9      | Found the sphere of Battle
 11172 | D:10     | Entered Level 10 of the Dungeon
 11217 | D:10     | Learned a level 5 spell: Freezing Cloud
 11454 | D:10     | Noticed a sixfirhy
 11473 | D:10     | Reached skill level 1 in Conjurations
 11929 | D:10     | Offered knowledge of Searing Ray by Vehumet.
 12004 | D:10     | Found an opulent altar of Gozag.
 12257 | Lair:1   | Entered Level 1 of the Lair of Beasts
 12273 | Lair:1   | Reached ** piety under Vehumet
 12417 | Lair:1   | Reached XP level 12. HP: 90/99 MP: 23/25
 12424 | Lair:1   | Reached skill level 5 in Dodging
 12572 | Lair:1   | Noticed Gastronok
 12601 | Lair:1   | Killed Gastronok
 12764 | Lair:1   | Offered knowledge of Volatile Blastmotes by Vehumet.
 12765 | Lair:1   | Reached skill level 12 in Ice Magic
 13108 | Lair:1   | Reached skill level 10 in Polearms
 13110 | Lair:1   | Reached *** piety under Vehumet
 13434 | Lair:2   | Reached skill level 10 in Spellcasting
 13529 | Lair:2   | Noticed a catoblepas
 13556 | Lair:2   | Found a hole to the Spider Nest.
 13576 | Lair:2   | Offered knowledge of Airstrike by Vehumet.
 13664 | Lair:2   | Noticed a death yak
 13664 | Lair:2   | Noticed a death yak
 13664 | Lair:2   | Noticed a death yak
 13667 | Lair:2   | Noticed a death yak
 13675 | Lair:2   | Noticed a death yak
 13679 | Lair:2   | Killed a death yak
 13685 | Lair:2   | Killed a death yak
 13686 | Lair:2   | Reached XP level 13. HP: 107/107 MP: 22/27
 13977 | Lair:2   | Found a staircase to the Shoals.
 15073 | Lair:3   | Reached **** piety under Vehumet
 15168 | Lair:3   | Offered knowledge of Hailstorm by Vehumet.
 15191 | Lair:3   | Learned a level 3 spell: Hailstorm
 15231 | Lair:3   | Reached skill level 13 in Ice Magic
 16051 | Lair:3   | Reached skill level 5 in Conjurations
 16602 | Lair:4   | Reached ***** piety under Vehumet
 16780 | Lair:4   | Offered knowledge of Fulminant Prism by Vehumet.
 16782 | Lair:4   | Reached XP level 14. HP: 83/116 MP: 10/29
 17056 | Lair:4   | Reached skill level 1 in Air Magic
 17110 | Lair:4   | Identified a scroll of acquirement
 17120 | Lair:4   | Acquired 1146 gold pieces
 17137 | Lair:4   | Noticed Nessos
 17148 | Lair:4   | Killed Nessos
 17496 | Lair:5   | Entered Level 5 of the Lair of Beasts
 18432 | Lair:5   | Found a staircase to the Slime Pits.
 18432 | Lair:5   | Found a viscous altar of Jiyva.
 18705 | Lair:5   | Noticed a dire elephant
 18705 | Lair:5   | Noticed a dire elephant
 18721 | Lair:5   | Found the +1 cloak of Starlight {*Dazzle EV+4 Stlth--}
 18961 | Lair:5   | Found the crystal ball of Wucad Mu {*channel}
 19543 | Lair:5   | Killed a dire elephant
 19562 | Lair:5   | Killed a dire elephant
 20093 | D:11     | You fall into a shaft and drop 3 floors!
 20109 | D:14     | Reached skill level 14 in Ice Magic
 20460 | D:13     | Identified the +4 cloak of Xios {rN++}
 20473 | D:13     | Offered knowledge of Ozocubu's Refrigeration by Vehumet.
 20488 | D:13     | Learned a level 7 spell: Ozocubu's Refrigeration
 20567 | D:13     | Found a gate leading to a gauntlet.
 20578 | Gauntlet | Entered a Gauntlet
 20578 | Gauntlet | Found a transporter.
 20578 | Gauntlet | Found a transporter.
 20608 | Gauntlet | Found a transporter.
 20610 | Gauntlet | Found a transporter.
 20611 | Gauntlet | Found a transporter.
 20616 | Gauntlet | Noticed a reaper
 20621 | Gauntlet | Found a transporter.
 20623 | Gauntlet | Found the +0 mask of the Dragon {Will+ Slay+3 SInv}
 20625 | Gauntlet | Found a transporter.
 20637 | Gauntlet | Found a transporter.
 20727 | Gauntlet | Found a transporter.
 20737 | Gauntlet | Found a transporter.
 20741 | Gauntlet | Found a transporter.
 20757 | Gauntlet | Found a transporter.
 21128 | Gauntlet | Identified the ring "Suiwkead" {rCorr SInv}
 21154 | Gauntlet | Reached skill level 10 in Dodging
 21197 | Gauntlet | Identified the +0 pair of gloves of Darkness {Int+2 SInv}
 21265 | Gauntlet | Identified the ring "Vuenoinn" {rPois rN+ MP+9 Int+3
                  | Stlth+}
 21493 | D:13     | Reached XP level 15. HP: 124/124 MP: 30/30
 23920 | D:12     | Found a staircase to the Orcish Mines.
 24167 | D:12     | Offered knowledge of Orb of Destruction by Vehumet.
 24244 | D:12     | Noticed Azrael
 24258 | D:12     | Killed Azrael
 24709 | Orc:1    | Entered Level 1 of the Orcish Mines
 24715 | Orc:1    | Reached skill level 15 in Ice Magic
 25006 | Orc:2    | Entered Level 2 of the Orcish Mines
 25528 | Orc:2    | Found a staircase to the Elven Halls.
 25567 | Orc:2    | Paralysed by an ogre mage for 2 turns
 25570 | Orc:2    | Paralysed by an ogre mage for 2 turns
 25573 | Orc:2    | Reached skill level 15 in Fighting
 25698 | Orc:2    | Found Fafre's Distillery.
 25698 | Orc:2    | Found Udur's Book Emporium.
 25699 | Orc:2    | Found Gumm's Book Emporium.
 25699 | Orc:2    | Found Gyovifae's Antique Armour Boutique.
 25708 | Orc:2    | Bought an ominously black robe for 153 gold pieces
 25708 | Orc:2    | Identified the +1 robe "Norr" {Slay+3} (You bought it in a
                  | shop on level 2 of the Orcish Mines)
 25838 | Orc:2    | Bought a book of Spatial Translocations for 180 gold pieces
 25839 | Orc:2    | Bought a book of Transfigurations for 720 gold pieces
 25845 | Orc:2    | Learned a level 5 spell: Irradiate
 25848 | Orc:2    | Learned a level 2 spell: Blink
 25856 | Orc:2    | Learned a level 7 spell: Dragon Form
 25930 | Orc:1    | Offered knowledge of Eringya's Noxious Bog by Vehumet.
 25931 | Orc:1    | Reached skill level 1 in Transmutations
 25931 | Orc:1    | Reached skill level 16 in Ice Magic
 25956 | Orc:1    | Reached XP level 16. HP: 121/136 MP: 26/31
 25966 | Orc:1    | Found Riuleim's General Store.
 25977 | Orc:1    | Noticed Nergalle
 25986 | Orc:1    | Killed Nergalle
 25987 | Orc:1    | Reached skill level 1 in Translocations
 26349 | Orc:1    | Bought a condenser vane for 560 gold pieces
 26585 | Shoals:1 | Entered Level 1 of the Shoals
 26590 | Shoals:1 | Reached skill level 5 in Transmutations
 26590 | Shoals:1 | Reached XP level 17. HP: 142/142 MP: 32/32
 26982 | Shoals:1 | Noticed Louise
 26991 | Shoals:1 | Killed Louise
 27525 | Shoals:1 | Found Aluwurez's Antique Armour Boutique.
 27533 | Shoals:1 | Bought a pair of embroidered boots for 225 gold pieces
 27533 | Shoals:1 | Bought a silken robe for 171 gold pieces
 27533 | Shoals:1 | Identified the +1 robe of Yesterday {Dex+5 SInv} (You
                  | bought it in a shop on level 1 of the Shoals)
 29645 | Shoals:2 | Found Sytet's Antique Armour Shoppe.
 30172 | Shoals:3 | Identified the +4 dagger of Makhleb's Esteem {freeze, rC-
                  | SInv Stlth+}
 30587 | Shoals:3 | Reached skill level 10 in Transmutations
 30816 | Shoals:3 | Offered knowledge of Yara's Violent Unravelling by Vehumet.
 30857 | Shoals:3 | Found a transporter.
 30859 | Shoals:3 | Found a transporter.
 30859 | Shoals:3 | Found the +8 mithril axe "Arga" {speed, Will+}
 30860 | Shoals:3 | Noticed jurchenman's ghost (adept MiFi)
 30877 | Shoals:3 | Noticed Mara
 30886 | Shoals:3 | Killed Mara
 30951 | Shoals:3 | Reached ****** piety under Vehumet
 31093 | Shoals:3 | Noticed Ilsuiw
 31101 | Shoals:3 | Reached XP level 18. HP: 139/151 MP: 20/33
 31109 | Shoals:3 | Killed Ilsuiw
 31472 | Shoals:3 | Gained mutation: Armour fits poorly on your strangely
                  | shaped body. [mutagenic glow]
 31490 | Shoals:3 | Gained mutation: Your magical capacity is low. (-10% MP)
                  | [mutagenic glow]
 31504 | Shoals:3 | Gained mutation: You are weak. (Str -2) [mutagenic glow]
 31520 | Shoals:3 | Identified the ring of Igrasm {+Blink Str+4 Int+6}
 31559 | Shoals:3 | Gained mutation: You are occasionally teleported next to
                  | monsters. [mutagenic glow]
 31775 | Shoals:2 | Lost mutation: Armour fits poorly on your strangely shaped
                  | body. [potion of mutation]
 31775 | Shoals:2 | Lost mutation: You are occasionally teleported next to
                  | monsters. [potion of mutation]
 31775 | Shoals:2 | Lost mutation: Your magical capacity is low. (-10% MP)
                  | [potion of mutation]
 31775 | Shoals:2 | Lost mutation: You are weak. (Str -2) [potion of mutation]
 31775 | Shoals:2 | Gained mutation: Armour fits poorly on your strangely
                  | shaped body. [potion of mutation]
 31791 | Shoals:2 | Learned a level 9 spell: Polar Vortex
 31809 | Shoals:4 | Entered Level 4 of the Shoals
 32598 | Shoals:4 | Found the ring of the Octopus King {rN+ HP+2 AC+2 EV+2
                  | SH+2}
 32711 | Shoals:4 | Reached skill level 17 in Ice Magic
 33956 | Shoals:4 | Got a barnacled rune of Zot
 34319 | Shoals:4 | Noticed Bai Suzhen
 34681 | Orc:2    | Bought a potion of curing for 45 gold pieces
 34681 | Orc:2    | Bought a potion of haste for 150 gold pieces
 34681 | Orc:2    | Bought a potion of heal wounds for 75 gold pieces
 34681 | Orc:2    | Bought a potion of curing for 45 gold pieces
 35400 | D:14     | Found a shadowy altar of Dithmenos.
 35519 | D:14     | Paralysed by an ogre mage for 5 turns
 35658 | D:14     | Found a gate to the Vaults.
 35831 | D:15     | Entered Level 15 of the Dungeon
 35896 | D:15     | Found a frozen archway.
 35914 | IceCv    | Entered an ice cave
 37566 | D:15     | Found a sacrificial altar of Ru.
 37600 | D:15     | Offered knowledge of Arcjolt by Vehumet.
 37636 | D:15     | Reached XP level 19. HP: 155/161 MP: 16/35
 38053 | D:15     | Found a staircase to the Depths.
 38707 | Orc:2    | Bought a manual of Evocations for 1440 gold pieces
 38925 | Spider:1 | Entered Level 1 of the Spider Nest
 39008 | Spider:1 | Reached skill level 1 in Evocations
 39785 | Spider:1 | Reached skill level 5 in Evocations
 40292 | Spider:2 | Reached skill level 15 in Dodging
 40613 | Spider:2 | Reached skill level 18 in Ice Magic
 41107 | Spider:2 | Noticed Arachne
 41121 | Spider:2 | Killed Arachne
 41314 | Spider:2 | Offered knowledge of Spellforged Servitor by Vehumet.
 43049 | Spider:4 | Entered Level 4 of the Spider Nest
 43388 | Spider:4 | Identified the amulet "Luvvuqas" {Spirit Str-5 Int+3
                  | Stlth+}
 43634 | Spider:4 | Offered knowledge of Shatter by Vehumet.
 43634 | Spider:4 | Offered knowledge of Chain Lightning by Vehumet.
 43634 | Spider:4 | Offered knowledge of Ignition by Vehumet.
 43924 | Spider:4 | Reached skill level 19 in Ice Magic
 44025 | Spider:4 | Identified the +0 chain mail of Exceptional Knowledge
                  | {rElec Str+2 Dex+4}
 44477 | Spider:4 | Reached XP level 20. HP: 116/170 MP: 24/36
 45630 | Spider:4 | Reached skill level 20 in Ice Magic
 45700 | Spider:4 | Got a gossamer rune of Zot
 45719 | Spider:4 | Found the +3 pair of gauntlets of War {Slay+5}
 45727 | Spider:4 | Acquired 875 gold pieces
 46082 | Vaults:1 | Entered Level 1 of the Vaults
 47008 | Vaults:1 | Noticed Aizul
 47020 | Vaults:1 | Killed Aizul
 47311 | Vaults:1 | Reached skill level 21 in Ice Magic
 49210 | Vaults:2 | Identified the +1 scale mail of Compression {rPois Will+}
 49754 | Vaults:3 | Reached skill level 22 in Ice Magic
 50070 | Vaults:3 | Reached XP level 21. HP: 177/177 MP: 31/37
 50474 | Vaults:3 | Reached skill level 10 in Evocations
 50586 | Vaults:3 | Found a staircase to the Crypt.
 50704 | Vaults:3 | Reached skill level 15 in Transmutations
 51561 | Vaults:3 | Paralysed by a sphinx for 4 turns
 51897 | Vaults:3 | Identified the +7 flail of an ice cave {heavy, rPois rN+}
 53282 | Vaults:4 | Found a crumbling gateway.
 53330 | Desolati | Entered the Desolation of Salt
 53588 | Desolati | Got the Handbook of Quantum Conflagration
 53599 | Desolati | Found the -2 hat of the Alchemist {rElec rPois rF+ rC+ rN+
                  | Will+ rMut rCorr}
 53607 | Desolati | Reached skill level 23 in Ice Magic
 53833 | Desolati | Got the Volume of Shifting Configuration
 53998 | Desolati | Identified the ring "Fuaghunt" {Fly rElec rC+ rN++ Will-}
 54646 | Desolati | Identified the +5 dagger of a Billion Leylines {drain,
                  | Str+3}
 54667 | Desolati | Reached skill level 1 in Unarmed Combat
 54914 | Desolati | Identified the +6 chain mail of the Hanged Man {rPois rF-
                  | Will+ Dex+4}
 54946 | Desolati | Reached XP level 22. HP: 184/184 MP: 33/38
 54994 | Desolati | Identified the +9 rapier of the Thoughtful Mice {drain,
                  | rPois Will+}
 55162 | Desolati | Identified the +0 pair of gloves of Fashionability {rElec
                  | rC- rN+++}
 55287 | Desolati | Reached skill level 24 in Ice Magic
 55620 | Desolati | Got the Handbook of the Crevasse and Haze
 56670 | Vaults:4 | Noticed Xtahua
 56679 | Vaults:4 | Killed Xtahua
 57399 | Slime:1  | Entered Level 1 of the Pits of Slime
 58119 | Slime:3  | Reached skill level 5 in Unarmed Combat
 58992 | Slime:5  | Entered Level 5 of the Pits of Slime
 60588 | Slime:5  | Found a viscous altar of Jiyva.
 60589 | Slime:5  | Noticed the Royal Jelly
 61229 | Slime:5  | Killed the Royal Jelly
 61761 | Slime:4  | Gained mutation: You occasionally lose the ability to read
                  | scrolls when taking damage. [mutagenic glow]
 61762 | Slime:4  | Lost mutation: Armour fits poorly on your strangely shaped
                  | body. [potion of mutation]
 61762 | Slime:4  | Lost mutation: You occasionally lose the ability to read
                  | scrolls when taking damage. [potion of mutation]
 61762 | Slime:4  | Gained mutation: You are occasionally teleported next to
                  | monsters. [potion of mutation]
 61763 | Slime:4  | Lost mutation: You are occasionally teleported next to
                  | monsters. [potion of mutation]
 61763 | Slime:4  | Gained mutation: You have a pair of small antennae on your
                  | head. [potion of mutation]
 61763 | Slime:4  | Gained mutation: You have a pair of antennae on your head.
                  | [potion of mutation]
 62143 | Slime:5  | Identified the +4 scimitar of Ihuegro {protect, rF+ Str+3}
 62147 | Slime:5  | Identified the +5 morningstar of Arbitration {freeze,
                  | rCorr}
 62150 | Slime:5  | Identified the +0 plate armour of Rasiwn {MP+9}
 62412 | Slime:5  | Identified the +2 chain mail "Viydoc" {rPois rN++ Int+2}
 62423 | Slime:5  | Identified the +5 quarterstaff "Orb Guardian's Foe" {holy,
                  | Will+}
 62425 | Slime:5  | Got a slimy rune of Zot
 62510 | Slime:5  | Identified the +1 short sword "Gial" {pain, Drain rF+ Dex+3
                  | Stlth+}
 62538 | Slime:5  | Identified the +3 leather armour of Quantum Leap {Int-3
                  | Dex+2 Slay+4 Stlth+}
 62954 | Elf:1    | Entered Level 1 of the Elven Halls
 63002 | Elf:1    | Reached XP level 23. HP: 173/192 MP: 39/39
 63228 | Elf:1    | Got Udoasy Isa's Guide on Shadows
 65374 | Elf:2    | Found a runed translucent gate.
 65374 | Elf:2    | Found a runed translucent gate.
 65433 | Elf:2    | Found a runed translucent gate.
 65616 | Elf:2    | Found a gateway to a bazaar.
 65790 | Bazaar   | Entered a bazaar
 65790 | Bazaar   | Found Loczya's General Store.
 65790 | Bazaar   | Found Tejomuyn's Assorted Antiques.
 65790 | Bazaar   | Found Eneemup's Antique Armour Emporium.
 65798 | Bazaar   | Bought a potion of heal wounds for 60 gold pieces
 65816 | Bazaar   | Bought a creamy pearl robe for 182 gold pieces
 65816 | Bazaar   | Identified the +2 robe of Servitude {Stlth+} (You bought it
                  | in a shop in a bazaar)
 66115 | Depths:1 | Entered Level 1 of the Depths
 66184 | Depths:1 | Noticed Asterion
 66191 | Depths:1 | Gained mutation: Your magical capacity is low. (-10% MP)
                  | [mutagenic glow]
 66201 | Depths:1 | Killed Asterion
 66370 | Depths:1 | Found a white marble altar of Elyvilon.
 66422 | Depths:1 | Found a gateway to Hell.
 66567 | Depths:1 | Noticed Nikola
 66581 | Depths:1 | Killed Nikola
 66582 | Depths:1 | Reached skill level 10 in Unarmed Combat
 66705 | Depths:1 | Identified the staff of fire "Udiru" {+Blink rF+ rN+ Will-}
 66740 | Depths:1 | Noticed a juggernaut
 66741 | Depths:1 | Found a transporter.
 66746 | Depths:1 | Noticed Canneaw's ghost (veteran GnDe)
 66749 | Depths:1 | Found a transporter.
 67003 | Depths:1 | Found a bloodstained altar of Trog.
 67109 | Depths:1 | Found a one-way gate to the infinite horrors of the Abyss.
 67845 | Depths:2 | Noticed a royal mummy
 67854 | Depths:2 | Noticed Saint Roka
 67861 | Depths:2 | Killed a royal mummy
 67862 | Depths:2 | Reached skill level 25 in Ice Magic
 67863 | Depths:2 | Killed Saint Roka
 68096 | Depths:2 | Found a one-way gate leading to the halls of Pandemonium.
 68286 | Depths:2 | Noticed a royal mummy
 68303 | Depths:2 | Killed a royal mummy
 68304 | Depths:2 | Reached XP level 24. HP: 75/202 MP: 7/35
 68544 | Depths:2 | Noticed a royal mummy
 68565 | Depths:2 | HP: 3/204 [death scarab[a royal mummy] (16)]
 68566 | Depths:2 | Demolished by a death scarab

Illustrated notes

Levels and vault maps discovered:
D:1:      psy_arrival_whirlpool, layout_basic
D:2:      layout_basic, basic_altar, grunt_ministairs_12, uniq_terence
D:3:      layout_basic, marbit_many_paths, mainiacjoe_overflow_small_starburst,
          ebering_ecumenical_altar_hall, uniq_sigmund, uniq_natasha, uniq_robin
D:4:      cheibrodos_barr_body, layout_rooms, kennysheep_little_box,
          mainiacjoe_overflow_alcove_4, serial_shops,
          nicolae_shop_bloodbath_and_beyond, nicolae_ossuary_entry_giza,
          uniq_grinder, uniq_pargi
D:5:      nicolae_cairo_tiling_large, layout_rooms,
          nicolae_overflow_crystal_walls, minmay_temple_entry_wispy
D:6:      layout_rooms, uniq_crazy_yiuf_cottage
D:7:      layout_loops_ring, trog_book, serial_shops, shop,
          hellmonk_bongcloud_opening
D:8:      layout_loops_cross, general_overflow_altar,
          mainiacjoe_overflow_six_doors_small, okawaru_metal_pillars_1_2,
          overflow_temple_1_default, ashenzari_altar_1, serial_glass,
          glass_columns_a, glass_columns_a, dreamdust_wishing_well, uniq_joseph
D:9:      layout_rooms, minmay_lair_entry_grove,
          hellmonk_guarded_unrand_sphere_of_battle
D:10:     layout_basic, mainiacjoe_overflow_concentric_impassable
D:11:     layout_basic, special_room [special_room_bee]
D:12:     layout_irregular_city, minmay_orc_entry_temple_small, uniq_azrael
D:13:     nzn_winding_woodlands_small [nzn_winding_woodlands_5x15_garden,
          nzn_winding_woodlands_center_diamonds,
          nzn_winding_woodlands_5x15_pockets], layout_loops_ring,
          gauntlet_entry_generic, chequers_garden
D:14:     layout_roguey, hangedman_vaults_entry_quadrant_bands, st_stairs_8,
          eino_tiny_chamber, grunt_dithmenos_smoke
D:15:     hangedman_depths_entry_civil_slaughter, layout_irregular_city,
          portal_ice_cave_entry_ice_statue_one, nicolae_two_hexagons,
          nicolae_ru_awakened_eye
Temple:   hellmonk_temple_flake
Lair:1:   lemuel_reptile_caves, layout_misc_corridors, uniq_gastronok
Lair:2:   beast_lair_carwin_large_4, layout_layer_cave,
          nicolae_shoals_entry_roost, nicolae_spider_entry_tight_spaces
Lair:3:   layout_cave_pods
Lair:4:   layout_hall_layers, minivault_24, st_stairs_3, uniq_nessos
Lair:5:   due_jungle_book, layout_gridlike, nicolae_slime_entry_slimehenge,
          cheibrodos_lair_lostbears
Shoals:1: layout_shoals, serial_shops, shop, hangedman_shoals_cup_caves,
          uniq_louise
Shoals:2: layout_shoals, serial_shops, nicolae_shop_behind_doors,
          nicolae_shoals_lost_giant_baths
Shoals:3: layout_shoals, ebering_ghost_davey_jones, uniq_mara, uniq_ilsuiw
Shoals:4: shoals_end_grunt_ice, layout_shoals, shoals_ilsuiw_alternative,
          uniq_bai_suzhen
Spider:1: layout_spider_delve
Spider:2: layout_spider_delve, hellmonk_narrow_tunnel, uniq_arachne
Spider:3: layout_spider_delve
Spider:4: hellmonk_spider_rune_bug_friends, hangedman_spider_mandibles
Slime:1:  layout_caves
Slime:2:  layout_caves, uniq_dissolution
Slime:3:  cheibrodos_slime_lost_civilization_10, layout_caves
Slime:4:  layout_caves
Slime:5
Orc:1:    layout_caves, serial_shops, shop, kennysheep_orc_chapel, uniq_nergalle
Orc:2:    st_orc_ogre_mass, layout_diamond_mine
Elf:1:    layout_geoelf_grid, special_room [special_room_orc],
          minmay_elf_necromancy, nicolae_elf_blasts_and_bolts
Elf:2:    elven_hall_of_blades_hangedman_original [nicolae_blade_little_rooms],
          layout_loops_cross, serial_shops, bzr_entry_safe
Vaults:1: vaults_dpeg_spiral, nicolae_vaults_three_branches,
          nicolae_vaults_storage_room_statues, nicolae_vaults_circle_grid_a,
          nicolae_vaults_closet_pinwheel_6, nicolae_vaults_alarming,
          grunt_vaults_focal, hangedman_vaults_trim, layout_vaults_omnigrid,
          uniq_aizul
Vaults:2: grunt_vaults_swirl, v_misc_2, hangedman_vaults_maws,
          nicolae_vaults_big_angled_halls, nicolae_vaults_offset_grid_hallway_2,
          ontoclasm_vaults_loading_screen, hangedman_vaults_snaps,
          v_alt_pattern_6, vaults_standard_mumra_lines, layout_vaults_ring
Vaults:3: nicolae_vaults_tetromino_L_2, nicolae_vaults_variable_pillar_hall,
          nicolae_vaults_shipping_containers_6, nicolae_vaults_network_star,
          vaults_room_stairs_pillars, vaults_room_stairs_pillars,
          minmay_crypt_entry_vampire_xt, vaults_dpeg_doors, v_pattern_3,
          nicolae_vaults_weapon_check, ontoclasm_vaults_decontamination,
          v_misc_18, nicolae_vaults_tetromino_Z_1, v_misc_29,
          layout_vaults_omnicross
Vaults:4: portal_desolation_entry_nicolae_slug, hangedman_vaults_nails,
          nicolae_vaults_six-pack, nicolae_vaults_surprise_closet,
          nicolae_vaults_rhombus_7, nicolae_vaults_trapezoid_lopsided_4,
          nicolae_vaults_octothorpe, nicolae_vaults_door_testing_chamber,
          v_misc_19, nicolae_vaults_trapezoid_lopsided_1,
          nicolae_vaults_hallways_thing, v_misc_13,
          nicolae_vaults_network_quinsquares
          [nicolae_vaults_network_quincunx_subvault,
          nicolae_vaults_network_quincunx_subvault,
          nicolae_vaults_network_quincunx_subvault,
          nicolae_vaults_network_quincunx_subvault],
          nicolae_vaults_tetromino_L_1, layout_vaults_maze_bifur, uniq_xtahua
Depths:1: layout_basic, elyvilon_altar_3, hangedman_abyss_entry_splay,
          gammafunk_ghost_arena, hell_entry, evilmike_spriggan_trog_shrine,
          uniq_nikola, uniq_asterion
Depths:2: minmay_guarded_unrand_sceptre_of_torment, layout_cave_shapes,
          rand_demon_pan_entry_5, minmay_misc_feat_tiny,
          hangedman_tar_grid_catacomb, minmay_staircase_windowed_small,
          uniq_sojobo, uniq_saint_roka

Skill      XL: |  1  2  3  4  5  6  7  8  9 10 11 12 13 14 15 16 17 18 19 20 21 22 23 |
---------------+----------------------------------------------------------------------+-----
Fighting       | 1 2 3 4 5 6 8 9 10 11 12 13 15 16 17 18 19 | 19.5
Ice Magic      | 5 6 7 8 9 10 11 12 13 14 16 17 19 22 23 24 25 | 25.0
Spellcasting   | 3 4 5 6 7 8 9 10 11 12 | 12.0
Polearms       | 6 9 10 12 14 | 14.0
Dodging        | 4 7 8 10 12 14 16 17 18 | 18.0
Conjurations   | 1 3 5 6 7 8 |  8.0
Air Magic      | 2 |  2.0
Transmutations | 1 5 10 14 16 18 | 18.0
Translocations | 3 4 |  4.0
Evocations     | 8 9 12 14 | 14.0
Unarmed Combat | 1 7 11 | 11.3
Stealth        | |  2.1

Action                     |  1- 3 |  4- 6 |  7- 9 | 10-12 | 13-15 | 16-18 | 19-21 | 22-24 || total
---------------------------+-------+-------+-------+-------+-------+-------+-------+-------++-------
  Melee: Dagger            |     5 |       |       |       |       |       |       |       ||     5
         Unarmed           |     1 |       |       |       |       |       |       |       ||     1
         Short sword       |    77 |   105 |   385 |    76 |       |       |       |       ||   643
         Punch             |       |     2 |     8 |     1 |       |       |       |       ||    11
         Trident           |       |       |       |   351 |   630 |   552 |   907 |   308 ||  2748
         Tailslap          |       |       |       |     6 |       |    10 |     1 |       ||    17
         Demon trident     |       |       |       |       |       |       |       |    46 ||    46
   Cast: Freeze            |    26 |    29 |    20 |    15 |     2 |       |       |       ||    92
         Frozen Ramparts   |       |     6 |    41 |    68 |    74 |    13 |    61 |    22 ||   285
         Ozocubu's Armour  |       |     4 |    38 |    52 |    69 |    39 |    37 |    18 ||   257
         Freezing Cloud    |       |       |       |    11 |    21 |       |       |       ||    32
         Hailstorm         |       |       |       |       |    45 |       |       |       ||    45
         Ozocubu's Refrige |       |       |       |       |    93 |   327 |   536 |   352 ||  1308
         Irradiate         |       |       |       |       |       |    33 |    73 |    65 ||   171
         Polar Vortex      |       |       |       |       |       |       |       |     7 ||     7
    Use: Potion            |       |     1 |     2 |     2 |     4 |    13 |     5 |     5 ||    32
         Scroll            |       |       |    16 |     3 |    11 |    19 |    11 |    11 ||    71
   Stab: Sleeping          |     2 |       |     3 |     1 |     3 |     6 |     7 |       ||    22
         Held in net/web   |       |       |       |       |     2 |       |       |       ||     2
         Distracted        |       |       |       |       |       |     1 |       |     1 ||     2
 Armour: Robe              |    15 |    10 |       |   120 |   418 |   269 |   428 |   275 ||  1535
         Animal skin       |       |    17 |   231 |   102 |       |       |       |       ||   350
         Skin              |       |       |       |       |       |       |     2 |       ||     2
  Dodge: Dodged            |    77 |    81 |   337 |   269 |   613 |   570 |  1227 |   700 ||  3874
  Block: Orb               |       |       |       |       |       |     9 |    70 |    53 ||   132
